 Dungeon Crawl Stone Soup version 0.30.1-11-g7821555f0a (webtiles) character file.

Game seed: 12709694553411236715

206 Eryximachus the Conjurer (level 5, -4/31 HPs)
             Began as an Octopode Hedge Wizard on Dec 3, 2023.
             Slain by a sky beast (5 damage)
             ... on level 4 of the Dungeon.
             The game lasted 00:14:21 (3289 turns).

Eryximachus the Conjurer (Octopode Hedge Wizard)    Turns: 3289, Time: 00:14:22

Health: -4/31      AC:  1    Str:  9    XL:     5   Next: 84%
Magic:  6/9        EV: 13    Int: 19    God:
Gold:   127        SH:  5    Dex: 11    Spells: 7/10 levels left

rFire   . . .        j - +3 dagger (flame)
rCold   . . .        (no shield)
rNeg    . . .        b - +0 hat
rPois   .            n - amulet of reflection
rElec   .            L - ring of flight
rCorr   +            R - ring of resist corrosion
SInv    .            (no ring)
Will    .....        (no ring)
Stlth   +++          (no ring)
HPRegen 0.25/turn    (no ring)
MPRegen 0.11/turn    (no ring)
                     (no ring)

%: reflection
@: flying
A: almost no armour, amphibious, 8 rings, camouflage 1, gelatinous body 1,
(nimble swimmer 1), tentacles
a: no special abilities


You were on level 4 of the Dungeon.
You visited 1 branch of the dungeon, and saw 4 of its levels.

You collected 153 gold pieces.
You spent 26 gold pieces at shops.


Innate Abilities, Weirdness & Mutations

You cannot wear most types of armour.
You are amphibious.
You can wear up to eight rings at the same time.
Your skin changes colour to match your surroundings (Stealth+).
Your rubbery body absorbs attacks. (AC +1, EV +1)
((You are camouflaged when in or above water. (Stealth+)))
You have tentacles for arms and can constrict up to eight enemies at once.


   Skills:
 - Level 2.0 Dodging
 - Level 3.0 Stealth
 - Level 3.0 Spellcasting
 - Level 4.0 Conjurations
 * Level 3.7 Summonings
 - Level 1.0 Translocations


You had 7 spell levels left.
You knew the following spells:

 Your Spells              Type           Power      Damage    Failure   Level
c - Call Imp              Summ           34%        N/A       4%          2
m - Magic Dart            Conj           72%        1d6       3%          1

Your spell library contained the following spells:

 Spells                   Type           Power      Damage    Failure   Level
 Beastly Appendage        Tmut           4%         N/A       16%         1
 Slow                     Hex            8%         N/A       16%         1
 Blink                    Tloc           12%        N/A       16%         2
 Cigotuvi's Dreadful Rot  Necr/Pois/Air  4%         N/A       22%         2
 Ensorcelled Hibernation  Hex/Ice        4%         N/A       22%         2
 Passwall                 Tmut/Erth      1%         N/A       22%         2
 Wereblood                Tmut           2%         N/A       22%         2
 Mephitic Cloud           Conj/Pois/Air  7%         N/A       26%         3
 Confusing Touch          Hex            2%         N/A       41%         3
 Spider Form              Tmut/Pois      2%         N/A       41%         3
 Swiftness                Air            2%         N/A       41%         3
 Vampiric Draining        Necr           2%         2d6       41%         3
 Alistair's Intoxication  Tmut/Pois      1%         N/A       99%         5
 Borgnjor's Vile Clutch   Necr/Erth      1%         N/A       99%         5
 Eringya's Noxious Bog    Tmut/Pois      1%         N/A       100%        6

Inventory:

Hand Weapons
 j - a +3 dagger of flaming (weapon)
Armour
 b - a +0 hat (worn)
Jewellery
 n - an amulet of reflection (around mantle)
 C - a ring of ice
 L - a ring of flight (left tentacle)
 R - a ring of resist corrosion (right tentacle)
Scrolls
 d - a scroll of poison {unknown}
 e - a scroll of fear {unknown}
 h - a scroll of enchant weapon {unknown}
 k - a scroll of teleportation {unknown}
 l - a scroll of blinking {unknown}
 o - a scroll of magic mapping {unknown}
 p - a scroll of noise {unknown}
Potions
 a - a potion of invisibility
 c - 2 potions of magic
 f - 2 potions of lignification {unknown}
 g - a potion of heal wounds {@q2}
 i - a potion of haste {@q3}
 m - a potion of ambrosia

Dungeon Overview and Level Annotations

Branches:
Dungeon (4/15)
 Temple: D:4-7

Altars:

Shops:
D:1 !(*   D:2 *   D:4 *

Annotations:
D:3 Terence

###....######...### #....
...........#..### ##.....
..###.>.##.#..# .....Y ..#
###.......###### #....... ..#
##......#...... ........
...............#######..$.....
..#####.####...######.........
..#.....####......5...# .Y...
..#.#####.......@{....##...#
#.#.##........#######.....)#
#..........##.# ####....!.
..##..####.##.## ##.#. .)...##
#.$#..# ###### #..##.# .#
##..##.# ..# #....#.# #...
#.##...#


You could see a friendly cerulean imp (summoned).


Message History

Confirm with . or Enter, or press ? or * to list all spells.
Aiming: Magic Dart (safe; 3% risk of failure)
Press: ? - help, Shift-Dir - straight line, f - sky beast
Aim: a sky beast (ally target, 100% to hit)
The magic dart hits the sky beast.
The sky beast is lightly wounded.
Your cerulean imp hits the sky beast but does no damage.
Unknown command.
You hit the sky beast. You burn the sky beast. You squeeze the sky beast.
The sky beast is moderately wounded.
The sky beast flickers out of sight!
Deactivating autopickup; reactivate with Ctrl-A.
Something hits you. Something shocks you.
Unknown command.
You hit something. You burn something. Something hits you.
Something shocks you.
* * * LOW HITPOINT WARNING * * *
Your cerulean imp hits something with a -3 spear.
Unknown command.
You hit something but do no damage.
You hear the quick hiss of an avalanche of sand very nearby.
Something hits you.
* * * LOW HITPOINT WARNING * * *
Something shocks you.
* * * LOW HITPOINT WARNING * * *
Your cerulean imp hits something with a -3 spear.
Something hits you.
* * * LOW HITPOINT WARNING * * *
Something shocks you.
You die...

Skill      XL: |  1  2  3  4  5 |
---------------+----------------+-----
Stealth        | 3 |  3.0
Conjurations   | 2 3 4 |  4.0
Summonings     | 2 3 |  3.7
Dodging        | |  2.0
Spellcasting   | |  3.0
Translocations | |  1.0

Action                     |  1- 3 |  4- 6 || total
---------------------------+-------+-------++-------
  Melee: Dagger            |    34 |    24 ||    58
         Constrict         |    10 |     5 ||    15
         Tentacles         |     4 |     7 ||    11
   Cast: Magic Dart        |    45 |    14 ||    59
         Call Imp          |     4 |     9 ||    13
    Use: Scroll            |     3 |     1 ||     4
   Stab: Sleeping          |     7 |       ||     7
 Armour: Skin              |     1 |     3 ||     4
  Dodge: Dodged            |    14 |    19 ||    33
  Block: Other             |       |     8 ||     8

Levels and vault maps discovered:
D:1:      kennysheep_arrival_seaside, layout_basic, basic_ecumenical_altar,
          serial_glass, glass_columns_b, glass_columns_a, serial_shops,
          nicolae_shop_industrial_runoff, shop, shop
D:2:      layout_rooms, serial_shops, nicolae_shop_advertising_works
          [nicolae_subvault_shop_adworks], grunt_decor_resistance
D:3:      layout_loops_corners, uniq_terence
D:4:      layout_rooms, nicolae_ossuary_entry_monument, nicolae_shop_gadgets,
          uniq_robin

Notes
Turn   | Place    | Note
-------+----------+-------------------------------------------
     0 | D:1      | Eryximachus the Octopode Hedge Wizard began the quest for
                  | the Orb.
     0 | D:1      | Reached XP level 1. HP: 11/11 MP: 4/4
   442 | D:1      | Reached skill level 3 in Stealth
   486 | D:1      | Reached XP level 2. HP: 17/17 MP: 0/6
   547 | D:1      | Learned a level 2 spell: Call Imp
   572 | D:1      | Found a faded altar of an unknown god.
   666 | D:1      | Found Buingoro's Assorted Antiques.
   674 | D:1      | Reached skill level 2 in Conjurations
   801 | D:1      | Found Simaest's Distillery.
   868 | D:1      | Found Punaalol's Weapon Shop.
  1098 | D:1      | Reached XP level 3. HP: 21/21 MP: 1/7
  1308 | D:2      | Found Semuf's General Store.
  1519 | D:2      | Reached skill level 2 in Summonings
  1725 | D:2      | Bought a scroll of identify for 26 gold pieces
  2071 | D:3      | Reached XP level 4. HP: 26/27 MP: 3/8
  2237 | D:3      | Noticed Terence
  2736 | D:2      | Reached skill level 3 in Conjurations
  3005 | D:3      | Reached skill level 3 in Summonings
  3005 | D:3      | Reached XP level 5. HP: 25/31 MP: 6/9
  3068 | D:4      | Noticed a kobold brigand
  3151 | D:4      | Killed a kobold brigand
  3152 | D:4      | Reached skill level 4 in Conjurations
  3198 | D:4      | Found Silieq's Gadget Gallery.
  3207 | D:4      | Noticed a sky beast
  3289 | D:4      | HP: 1/31 [something (4)]
  3289 | D:4      | Slain by a sky beast

Vanquished Creatures
  A kobold brigand (D:4)
  2 adders (D:3)
  A worm (D:2)
  5 dart slugs (D:1)
  An orc (D:4)
  An endoplasm (D:1)
  3 giant cockroaches
  2 goblins (D:1)
  4 hobgoblins
  3 jackals (D:2)
  2 quokkas
  4 ball pythons
  A bat (D:1)
  4 frilled lizards
  4 kobolds
  2 rats
40 creatures vanquished.

Vanquished Creatures (collateral kills)
  2 hounds
  2 endoplasms (D:4)
  A jackal (D:2)
  A quokka (D:4)
  2 goblins (D:4)
  A kobold (D:1)
9 creatures vanquished.

Grand Total: 49 creatures vanquished

Table legend: (Time is in decaauts)
 A = Elapsed time spent in this place.
 B = Non-inter-level travel time spent in this place.
 C = Inter-level travel time spent in this place.
 D = Time resting spent in this place.
 E = Time spent auto-exploring this place.
 F = Levels seen in this place.
 G = Mean time per level.
                   A        B        C        D        E       F      G
               +--------+--------+--------+--------+--------+-----+--------+
         Total |   3295 |   3146 |    149 |    869 |    451 |   4 |  823.8 |
       Dungeon |   3295 |   3146 |    149 |    869 |    451 |   4 |  823.8 |
               +--------+--------+--------+--------+--------+-----+--------+

Top non-repeatable levels by time:
     D:1: 1305 daAuts
     D:3: 1003 daAuts
     D:2: 701 daAuts
     D:4: 285 daAuts

Table legend:
 A = Non-vault XP
 B = Vault XP
 C = Vault XP percentage of total XP
 D = Non-vault monster count
 E = Vault monster count
 F = Vault count percentage of total count
                 A         B        C        D         E       F
            +---------+---------+-------+---------+---------+-------
      Total |     295 |       0 |   0.0 |      49 |       0 |   0.0
            +---------+---------+-------+---------+---------+-------
        D:1 |      41 |       0 |   0.0 |      19 |       0 |   0.0
        D:2 |      66 |       0 |   0.0 |      14 |       0 |   0.0
        D:3 |      73 |       0 |   0.0 |       5 |       0 |   0.0
        D:4 |     115 |       0 |   0.0 |      11 |       0 |   0.0
            +---------+---------+-------+---------+---------+-------
